 Dungeon Crawl Stone Soup version 0.25-a0-668-gea548f19b6 (webtiles) character file.

Game seed: 8424866730016696661, levelgen mode: deterministic

133 Kohma the Sneak (level 4, -4/24 HPs)
             Began as a Spriggan Assassin on Mar 28, 2020.
             Slain by an orc priest
             ... wielding a +0 falchion
              (7 damage)
             ... on level 3 of the Dungeon.
             The game lasted 00:05:22 (2080 turns).

Kohma the Sneak (Spriggan Assassin)                 Turns: 2080, Time: 00:05:23

Health: -4/24      AC:  3    Str:  7    XL:     4   Next: 93%
Magic:  5/5        EV: 16    Int: 13    God:
Gold:   124        SH:  5    Dex: 17    Spells: 3/3 levels left

rFire    . . .     SeeInvis +   a - +2 dagger
rCold    . . .     Gourm    .   u - +0 buckler (curse)
rNeg     . . .     Faith    .   b - +0 robe
rPois    .         Spirit   .   (helmet restricted)
rElec    .         Reflect  .   c - +0 cloak
rCorr    .         Harm     .   (gloves unavailable)
MR       .....                  (boots unavailable)
Stlth    +++.......             (no amulet)
HPRegen  0.08/turn              (no ring)
MPRegen  0.09/turn              (no ring)

@: very quick
A: very small, unfitting armour, see invisible, herbivore, speed 3, slow
metabolism 2
a: no special abilities


You were on level 3 of the Dungeon.
You were not hungry.

You visited 1 branch of the dungeon, and saw 3 of its levels.

You collected 124 gold pieces.

Inventory:

Hand Weapons
 a - a +2 dagger (weapon)
Missiles
 d - 25 poisoned darts (quivered)
 e - 2 curare-tipped darts {!w =f}
 l - 54 sling bullets
Armour
 b - a +0 robe (worn)
 c - a +0 cloak (worn)
 u - a cursed +0 buckler (worn)
Jewellery
 k - an uncursed ring of stealth {unknown}
 m - a cursed -2 ring of dexterity {unknown}
 v - a +4 amulet of reflection {unknown}
Scrolls
 g - a scroll of fog {unknown}
 h - 3 scrolls of identify {unknown}
 o - a scroll of magic mapping {unknown}
 p - 3 scrolls of teleportation
 q - a scroll of immolation {unknown}
 t - a scroll of enchant weapon {unknown}
 w - a scroll of blinking {unknown}
Potions
 i - 3 potions of degeneration {unknown}
 j - a potion of magic {unknown}
 n - a potion of stabbing {unknown}
 r - 2 potions of haste {unknown}
 s - a potion of lignification {unknown}
Comestibles
 f - 5 rations


   Skills:
 - Level 3.0 Fighting
 * Level 4.1 Short Blades
 - Level 2.0 Throwing
 - Level 1.5 Dodging
 - Level 6.3 Stealth
 + Level 0.2 Shields


You had 3 spell levels left.
You didn't know any spells.
Your spell library was empty.

Dungeon Overview and Level Annotations

Branches:
Dungeon (3/15)

Altars:
Fedhas


Innate Abilities, Weirdness & Mutations

You are very small and have problems with some larger weapons.
You are too small for most types of armour.
You have supernaturally acute eyesight. (SInv)
You are a herbivore.
You cover ground extremely quickly.
You need to consume almost no food.


Message History

You hit the orc priest but do no damage.
The orc priest is moderately wounded.
You hit the orc priest but do no damage.
The orc priest is heavily wounded.
You block the orc priest's attack.
You hit the orc priest but do no damage.
The orc priest is heavily wounded.
You block the orc priest's attack.
You closely miss the orc priest.
The orc priest is heavily wounded.
The orc priest closely misses you.
You closely miss the orc priest.
The orc priest is severely wounded.
You hit the orc priest but do no damage.
The orc priest is severely wounded.
The orc closely misses you. The orc priest closely misses you.
You barely miss the orc priest.
The orc priest is almost dead.
The orc priest hits you with a +0 falchion!
You die...

#.#.....≈≈_≈..# #.#
#.#......≈≈≈≈.###.#######
#.#.......≈.≈.'..........
#.#...........###.#######
#.#...........# #.....#..
#.#...........# #.<.#.#.#
#.############# #........
######.########## ##..##.#.#
....(....().(o@o.# #.........
#######(########.# ########.#
....#####.#.# #......(
..#.........#.#######.####.#
...
......o...............>..# ##
......o............#.#....#
....(...............#.#.....
...>(#.o######.#.....#.#....#
.... #.#.###.#.#....#


You could see an orc priest and an orc.

Vanquished Creatures
  Crazy Yiuf (D:2)
  Terence (D:2)
  A hound skeleton (D:2)
  2 adders
  An ooze (D:2)
  A dart slug (D:1)
  4 leopard geckos
  3 orcs (D:3)
  2 giant cockroaches (D:2)
  2 goblins (D:1)
  2 hobgoblins
  3 jackals (D:3)
  A ball python (D:3)
  5 bats
  2 frilled lizards
  3 kobolds
  4 rats
38 creatures vanquished.

Notes
Turn   | Place    | Note
-------+----------+-------------------------------------------
     0 | D:1      | Kohma the Spriggan Assassin began the quest for the Orb.
     0 | D:1      | Reached XP level 1. HP: 10/10 MP: 2/2
     7 | D:1      | You fall into a shaft and drop 1 floor!
     8 | D:2      | Noticed Terence
    13 | D:2      | Killed Terence
    13 | D:2      | Reached skill level 6 in Stealth
    13 | D:2      | Reached XP level 2. HP: 15/15 MP: 3/3
    46 | D:1      | Reached XP level 3. HP: 16/18 MP: 4/4
   959 | D:2      | Reached XP level 4. HP: 23/23 MP: 5/5
  1227 | D:2      | Found a runed translucent door.
  1228 | D:2      | Noticed Crazy Yiuf
  1260 | D:2      | Killed Crazy Yiuf
  2030 | D:3      | Found a blossoming altar of Fedhas.
  2080 | D:3      | Slain by an orc priest

Levels and vault maps discovered:
D:1:      psy_arrival_radial02, layout_loops_ring
D:2:      layout_loops_ring, kennysheep_decorative_pillar,
          minmay_misc_feat_square, uniq_crazy_yiuf_cottage, uniq_terence
D:3:      layout_basic, lemuel_doored_altar, first_ration, fedhas_altar_2

Skill      XL: |  1  2  3  4 |
---------------+-------------+-----
Fighting       | 2 3 |  3.0
Stealth        | 6 |  6.3
Short Blades   | 3 4 |  4.1
Throwing       | |  2.0
Dodging        | |  1.5
Shields        | |  0.2

Action                   |  1- 3 |  4- 6 || total
-------------------------+-------+-------++-------
Melee: Dagger            |    56 |    76 ||   132
Throw: Dart              |     5 |    24 ||    29
  Use: Scroll            |       |     1 ||     1
 Stab: Sleeping          |     3 |     1 ||     4
       Distracted        |     1 |       ||     1
Armor: Robe              |     4 |     5 ||     9
Dodge: Dodged            |    38 |    47 ||    85
Block: Buckler           |       |    14 ||    14

Table legend:
 A = Non-vault XP
 B = Vault XP
 C = Vault XP percentage of total XP
 D = Non-vault monster count
 E = Vault monster count
 F = Vault count percentage of total count
                 A         B        C        D         E       F
            +---------+---------+-------+---------+---------+-------
      Total |     112 |      78 |  41.1 |      36 |       2 |   5.3
            +---------+---------+-------+---------+---------+-------
        D:1 |      24 |       0 |   0.0 |      13 |       0 |   0.0
        D:2 |      56 |      78 |  58.2 |      14 |       2 |  12.5
        D:3 |      32 |       0 |   0.0 |       9 |       0 |   0.0
            +---------+---------+-------+---------+---------+-------
